cohdb
Replays
Latest Replays
All Replays
Popular Replays
Top Player Replays
Match Explorer
How It Works
Community
CoH3 Stats
Reddit
Sign in to upload your games and track your stats! →
Sign in with Steam
Match 45479801
Unlisted
Match 45479801
Overview
Messages
Build Orders
End
Construct Section Command Post
Vickers Machine Gun Team
Selects Indian Artillery Battlegroup
ML 3-inch Mortar Team
Dingo Light Scout Car
Selects Towed ML 4.2-inch Heavy Mortar
Infantry Section
Infantry Section
Construct Platoon Command Post
Infantry Training
Towed ML 4.2-inch Heavy Mortar
Construct Company Command Post
Selects War Cry
Selects Gurkha Rifles Section
Unlock M3 Grant Medium Tanks
M3 Grant Medium Tank
Armored Vehicle Training
란카
Fluffgrumt
Belfegor ๏̯͡๏
Zoj
[PD] Ducktus
ILoveGingers
Nico-Nico-Nii~~
=-._.-=MR.Paul=-._.-=
0
0
Comments
sign in to comment!
No comments posted yet!